 Dungeon Crawl Stone Soup version 0.21-a0-85-ga0cb861 (webtiles) character file.

3745 tidbits the Skirmisher (level 10, 0/72 HPs)
             Began as an Octopode Air Elementalist on June 25, 2017.
             Was a Follower of Okawaru.
             Slain by a wolf (4 damage)
             ... led by Grum
             ... on level 8 of the Dungeon.
             The game lasted 00:53:27 (10919 turns).

tidbits the Skirmisher (Octopode Air Elementalist) Turns: 10919, Time: 00:53:28

Health: 0/72       AC:  1    Str:  5    XL:     10   Next: 15%
Magic:  14/16      EV: 18    Int: 20    God:    Okawaru [*.....]
Gold:   69         SH:  0    Dex: 12    Spells: 2/18 levels left

rFire    . . .     SeeInvis .   d - +3 dagger (freeze) (curse)
rCold    . . .     Gourm    .   (no shield)
rNeg     . . .     Faith    .   (helmet restricted)
rPois    .         Spirit   .   (no amulet)
rElec    .         Reflect  .   (no ring)
rCorr    .         Harm     .   V - +3 ring of evasion
MR       +....                  (no ring)
Stlth    ++++......             (no ring)
HPRegen  0.22/turn              (no ring)
MPRegen  0.15/turn              (no ring)
                                (no ring)
                                (no ring)

@: lethally poisoned (0 -> -1), swift, studying Polearms, very quick
A: almost no armour, stealthy swim, amphibious, 8 rings, constrict 8, camouflage
1, clumsy 1, magic resistance 1, weak 1, gelatinous body 1
a: Heroism, Renounce Religion


You were on level 8 of the Dungeon.
You worshipped Okawaru.
Okawaru was aware of your devotion.
You were not hungry.

You visited 2 branches of the dungeon, and saw 10 of its levels.

You collected 279 gold pieces.
You spent 210 gold pieces at shops.

Inventory:

Hand Weapons
 b - a +1 short sword of speed
 d - a cursed +3 dagger of freezing (weapon)
 h - a +0 hand axe
 u - a +0 quarterstaff
 w - a +0 shortbow
 C - a +0 vampiric war axe
 F - a +0 falchion of holy wrath
Missiles
 o - 130 stones (quivered)
 r - 101 arrows
Jewellery
 V - a +3 ring of evasion (right tentacle)
Wands
 p - a wand of paralysis (0/24)
 s - a wand of polymorph (16/24)
 D - a wand of flame (21/48)
Scrolls
 c - a scroll of enchant weapon
 e - 2 scrolls of amnesia
 i - 3 scrolls of identify
 k - a scroll of recharging {unknown}
 I - a scroll of acquirement {unknown}
 J - a scroll of fog {unknown}
Potions
 g - 3 potions of flight
 l - a potion of curing
 q - a potion of brilliance
 z - 2 potions of haste
Books
 j - a book of Air

   Spells                             Type                      Level
   a - Shock                          Conjuration/Air              1
   b - Swiftness                      Charms/Air                   2
   c - Static Discharge               Conjuration/Air              3
   d - Airstrike                      Air                          4
   e - Lightning Bolt                 Conjuration/Air              5
 v - a book of Minor Magic

   Spells                             Type                      Level
   a - Magic Dart                     Conjuration                  1
   b - Blink                          Translocation                2
   c - Call Imp                       Summoning                    2
   d - Slow                           Hexes                        2
   e - Conjure Flame                  Conjuration/Fire             3
   f - Mephitic Cloud                 Conjuration/Poison/Air       3
 y - a book of Battle

   Spells                             Type                      Level
   a - Infusion                       Charms                       1
   b - Shroud of Golubria             Charms/Translocation         2
   c - Song of Slaying                Charms                       2
   d - Spectral Weapon                Hexes/Charms                 3
   e - Regeneration                   Charms/Necromancy            3
 H - a manual of Polearms
Comestibles
 a - a chunk of flesh
 f - 11 bread rations
 m - 16 fruits


   Skills:
 - Level 7.7 Fighting
 - Level 4.7 Dodging
 - Level 5.0 Stealth
 + Level 5.7 Unarmed Combat
 - Level 4.6 Spellcasting
 - Level 1.4 Conjurations
 - Level 3.8 Charms
 - Level 3.4 Necromancy
 - Level 4.4 Translocations
 - Level 3.4 Air Magic
 - Level 0.8 Poison Magic
 - Level 1.2 Evocations


You had 2 spell levels left.
You knew the following spells:

 Your Spells              Type           Power        Failure   Level  Hunger
b - Blink                 Tloc           N/A          3%          2    #......
d - Static Discharge      Conj/Air       ##......     13%         3    ##.....
g - Shroud of Golubria    Chrm/Tloc      ###.......   3%          2    #......
m - Mephitic Cloud        Conj/Pois/Air  ##......     17%         3    ##.....
r - Regeneration          Chrm/Necr      ###.......   9%          3    ##.....
w - Swiftness             Chrm/Air       ###.....     4%          2    #......
z - Shock                 Conj/Air       ##..         4%          1    None


Dungeon Overview and Level Annotations

Branches:
Dungeon (9/15)             Temple (1/1) D:7            Lair (0/6) D:8
    Orc: D:9-12

Altars:
Ashenzari
Cheibriados
Dithmenos
Elyvilon
Fedhas
Gozag
Hepliaklqana
Kikubaaqudgha
Makhleb
Nemelex Xobeh
Okawaru
Qazlal
Ru
Sif Muna
Trog
Uskayaw
Vehumet
Wu Jian
Xom
Yredelemnul
Zin
The Shining One

Shops:
D:5 !   D:8 *

Annotations:
D:2 1 runed door, exclusion: door, Terence
D:6 exclusions: 3 gnolls, ice beast and sky beast, Dowan, Duvessa
D:7 exclusions: killer bee and sky beast
D:8 exclusion: two-headed ogre, Grum
D:9 exclusions: electric eel, hound, troll and two-headed ogre, Erica, Prince Ribbit


Innate Abilities, Weirdness & Mutations

You cannot wear most types of armour.
You are very stealthy in the water. (Stealth+)
You are amphibious.
You can wear up to eight rings at the same time.
You can use your tentacles to constrict eight enemies at once.
Your skin changes colour to match your surroundings (Stealth+).
Your rubbery body absorbs attacks. (AC +1, EV +1)
You are clumsy. (Dex -2)
You are resistant to hostile enchantments. (MR+)
You are weak. (Str -2)


Message History

The worker ant poisons you!
You feel sick. The wolf bites you!
* * * LOW HITPOINT WARNING * * *
The black bear bites the plant but does no damage.
The black bear claws the plant but does no damage. x2
The orc priest hits the plant with a short sword.
The worker ant bites you!
* * * LOW HITPOINT WARNING * * *
Found a dagger.
Unknown command.
The wolf bites the plant but does no damage.
Okay, then.
The worker ant waves its antennae.
The orc priest hits the plant with a short sword.
The hungry ghost hits the plant.
The orc hits the fungus with a short sword.
The wolf closely misses you.
You feel sick.
The wolf bites the plant!
The worker ant bites the plant.
The wolf bites you.
You die...

...## ##......$...PPP.. ....#
#.#.##.P..P.PPPP.. .....#.#
.##........P.P. .......
.##...PW..P.PP. .......#
##..rP.o.P.PP.P .......#
#.oPPPo...).P.
...g...####.oaP.Po......
###.#.###.#..P.h.P>....PP...#
###.#.##..OhPg.h@....P....P.#
.....O<....P.hPP........P...#
............hP..P.......P..#
###.###.......P...........#
#.........#P%.P.....FPPP.#
##..#####.###)..P........#
h...# #.# #.P....PP..P.#
###.# #.####....P.....##
#รท#####......P.P....###


You could see a two-headed ogre, Grum, a hungry ghost, a black bear, 4 wolves, a
bullfrog (wandering), a porcupine, a worker ant, an orc priest, an orc wizard
and 3 orcs.

Vanquished Creatures
  A hornet (D:7)
  A hippogriff (D:7)
  Sigmund (D:3)
  Eustachio (D:6)
  2 porcupines (D:8)
  3 orc warriors
  A phantom (D:4)
  A black bear (D:8)
  2 ogres
  2 centaurs
  7 bullfrogs
  3 scorpions
  4 wights
  2 howler monkeys
  8 crimson imps
  A quasit (D:7)
  3 orc priests
  4 jellies
  6 orc wizards
  A bullfrog skeleton (D:9)
  9 worker ants
  A hound zombie (D:7)
  A hound skeleton (D:5)
  A howler monkey zombie (D:8)
  4 gnolls
  11 adders
  A shadow imp (D:7)
  2 oozes
  2 adder zombies
  An adder skeleton (D:7)
  4 worms
  2 dart slugs
  2 leopard geckos
  20 orcs
  4 giant cockroaches
  3 goblins
  5 hobgoblins
  18 jackals
  3 quokkas
  2 ball pythons
  7 bats
  5 frilled lizards
  3 kobolds
  A leopard gecko zombie (D:7)
  2 quokka skeletons
  8 rats
176 creatures vanquished.

Vanquished Creatures (others)
  41 fungi (D:8)
  17 plants (D:8)
58 creatures vanquished.

Grand Total: 234 creatures vanquished

Notes
Turn   | Place    | Note
-------+----------+-------------------------------------------
     0 | D:1      | tidbits the Octopode Air Elementalist began the quest for the Orb.
     0 | D:1      | Reached XP level 1. HP: 11/11 MP: 3/3
   166 | D:1      | Reached skill level 1 in Fighting
   252 | D:1      | Reached XP level 2. HP: 10/18 MP: 5/5
   364 | D:1      | Learned a level 2 spell: Swiftness
   770 | D:1      | Reached XP level 3. HP: 17/24 MP: 1/6
  1088 | D:1      | Learned a level 3 spell: Static Discharge
  1959 | D:2      | Reached XP level 4. HP: 29/29 MP: 7/7
  2119 | D:2      | Found a runed door.
  2146 | D:2      | Noticed Terence
  2262 | D:3      | Reached skill level 2 in Fighting
  2537 | D:3      | Found a white marble altar of Elyvilon.
  2593 | D:3      | Reached skill level 3 in Fighting
  2593 | D:3      | Reached XP level 5. HP: 27/36 MP: 1/8
  2726 | D:3      | Noticed Sigmund
  2760 | D:3      | Gained mutation: You are weak. (Str -2) [potion of mutation]
  2760 | D:3      | Gained mutation: You are clumsy. (Dex -2) [potion of mutation]
  2760 | D:3      | Gained mutation: You are resistant to hostile enchantments. (MR+) [potion of mutation]
  2774 | D:3      | Killed Sigmund
  2774 | D:3      | Reached skill level 5 in Fighting
  2774 | D:3      | Reached XP level 6. HP: 5/45 MP: 1/9
  3051 | D:3      | Found a bloodstained altar of Trog.
  3051 | D:3      | Found an ancient bone altar of Kikubaaqudgha.
  3518 | D:4      | Learned a level 2 spell: Blink
  3571 | D:4      | Noticed a phantom
  3693 | D:4      | Reached skill level 5 in Stealth
  3737 | D:4      | Found a sparkling altar of Nemelex Xobeh.
  3950 | D:4      | Found a stormy altar of Qazlal.
  4042 | D:4      | Found an opulent altar of Gozag.
  4062 | D:4      | Reached skill level 1 in Translocations
  4074 | D:4      | Reached XP level 7. HP: 22/50 MP: 1/10
  4427 | D:4      | Found a hide-covered altar of Uskayaw.
  4501 | D:5      | Entered Level 5 of the Dungeon
  4501 | D:5      | Found a deep blue altar of Sif Muna.
  4508 | D:5      | Found a shimmering altar of Xom.
  5008 | D:5      | Found Esif's Distillery.
  5021 | D:5      | Found a blossoming altar of Fedhas.
  5025 | D:5      | Bought a potion of might for 56 gold pieces
  5025 | D:5      | Bought a potion of lignification for 42 gold pieces
  5025 | D:5      | Bought a potion of heal wounds for 70 gold pieces
  5320 | D:5      | Learned a level 3 spell: Mephitic Cloud
  5393 | D:6      | Found a sparkling altar of Nemelex Xobeh.
  5487 | D:6      | Noticed Eustachio
  5517 | D:6      | Noticed Duvessa
  5517 | D:6      | Noticed Dowan
  5786 | D:6      | Reached skill level 1 in Evocations
  6238 | D:7      | Reached XP level 8. HP: 46/55 MP: 6/13
  6379 | D:7      | Learned a level 2 spell: Shroud of Golubria
  6598 | D:7      | Reached skill level 1 in Charms
  7764 | D:6      | Killed Eustachio
  8016 | D:4      | Learned a level 3 spell: Regeneration
  8082 | D:4      | Reached skill level 1 in Necromancy
  8082 | D:4      | Reached XP level 9. HP: 55/61 MP: 15/15
  8457 | D:7      | Reached skill level 6 in Fighting
  8749 | D:7      | Noticed a hornet
  8753 | D:7      | Paralysed by a hornet for 1 turns
  8759 | D:7      | Killed a hornet
  8759 | D:7      | Reached skill level 7 in Fighting
  8956 | D:7      | Found a staircase to the Ecumenical Temple.
  8964 | Temple   | Entered the Ecumenical Temple
  9001 | Temple   | Became a worshipper of Warmaster Okawaru
  9116 | D:7      | Reached skill level 1 in Unarmed Combat
  9518 | D:5      | Bought a potion of lignification for 42 gold pieces
  9643 | D:8      | Found Zin's Purification Station.
  9646 | D:8      | Found a glowing silver altar of Zin.
  9694 | D:8      | Noticed a two-headed ogre
  9913 | D:8      | Noticed Grum
 10133 | D:9      | Reached skill level 5 in Unarmed Combat
 10343 | D:9      | Noticed Prince Ribbit
 10358 | D:9      | Noticed Erica
 10365 | D:9      | Noticed a two-headed ogre
 10397 | D:9      | Noticed a cyclops
 10454 | D:9      | Reached XP level 10. HP: 35/71 MP: 14/16
 10649 | D:9      | Reached * piety under Okawaru
 10738 | D:9      | Found a shattered altar of Ashenzari.
 10778 | D:8      | Found a staircase to the Lair.
 10919 | D:8      | Slain by a wolf

Vault maps used:
D:1:      nagdon_arrival_double_spiral
D:2:      uniq_crazy_yiuf_cottage, uniq_terence
D:3:      old_standard_altar, chequers_temple_overflow_statue_of_worship,
          uniq_sigmund
D:4:      marbit_many_paths, grunt_qazlal_clouds, kennysheep_mini,
          nicolae_overflow_hidden_temple
D:5:      lemuel_crystal_altar, first_bread, serial_shops, shop, basic_altar,
          fedhas_altar_1
D:6:      nemelex_diamond_rough_becter, uniq_duvessa, uniq_eustachio
D:7:      minmay_temple_entry_enclosed_plants, grunt_livestock,
          minmay_item_behind_shaft
D:8:      zin_purify, due_lair_maze_entry_diamond, basic_altar, uniq_gastronok,
          uniq_maurice, uniq_grum
D:9:      ashenzari_altar_1, lightli_minifort, uniq_prince_ribbit1, uniq_erica
Temple:   nicolae_temple_hex_pool

Skill      XL: |  1  2  3  4  5  6  7  8  9 |
---------------+----------------------------+-----
Fighting       | 1 3 5 7 |  7.7
Stealth        | 3 4 5 |  5.0
Translocations | 1 4 |  4.4
Dodging        | 4 |  4.7
Evocations     | 1 |  1.2
Spellcasting   | 3 4 |  4.6
Charms         | 3 |  3.8
Necromancy     | 1 3 |  3.4
Unarmed Combat | 5 |  5.7
Conjurations   | |  1.4
Air Magic      | |  3.4
Poison Magic   | |  0.8

Action                   |  1- 3 |  4- 6 |  7- 9 | 10-12 || total
-------------------------+-------+-------+-------+-------++-------
Melee: Hand axe          |     5 |       |       |       ||     5
       Constrict         |     8 |    22 |    58 |    10 ||    98
       Tentacles         |     3 |    14 |    38 |     8 ||    63
       Dagger            |    24 |       |    36 |    27 ||    87
       Short sword       |     7 |    94 |   305 |       ||   406
       Unarmed           |       |       |     8 |    14 ||    22
       Punch             |       |       |     3 |     5 ||     8
 Cast: Shock             |    39 |    36 |   137 |    10 ||   222
       Static Discharge  |       |     5 |    24 |       ||    29
       Shroud of Golubri |       |       |     6 |     4 ||    10
       Regeneration      |       |       |     6 |     4 ||    10
       Blink             |       |       |     2 |       ||     2
       Swiftness         |       |       |       |     1 ||     1
Evoke: Wand              |       |       |    11 |       ||    11
  Use: Scroll            |     4 |     6 |     5 |     1 ||    16
       Potion            |       |     6 |     8 |       ||    14
 Stab: Sleeping          |     3 |     6 |     8 |       ||    17
       Paralysed         |       |       |    19 |       ||    19
  Eat: Chunk             |     4 |     7 |    10 |     2 ||    23
       Fruit             |       |       |     1 |     1 ||     2
       Royal jelly       |       |       |     1 |       ||     1
       Meat ration       |       |       |     2 |       ||     2
Armor: Skin              |    10 |     1 |    39 |     2 ||    52
Dodge: Dodged            |    24 |    38 |   193 |    47 ||   302
